 Dungeon Crawl Stone Soup version 0.22-a0-612-gd2f0174 (webtiles) character file.

23 iamserjio the Chopper (level 2, -1/42 HPs)
             Began as a Naga Berserker on July 11, 2018.
             Was a Follower of Trog.
             Slain by a frilled lizard (2 damage)
             ... on level 2 of the Dungeon.
             The game lasted 00:01:47 (187 turns).

iamserjio the Chopper (Naga Berserker)               Turns: 187, Time: 00:01:47

Health: -1/42      AC:  1    Str: 24    XL:     2   Next: 95%
Magic:  2/2        EV: 10    Int:  7    God:    Trog [*.....]
Gold:   65         SH:  0    Dex: 10    Spells: 1/1 levels left

rFire    . . .     SeeInvis +   a - +0 hand axe
rCold    . . .     Gourm    .   (no shield)
rNeg     . . .     Faith    .   b - +0 animal skin
rPois    +         Spirit   .   (no helmet)
rElec    .         Reflect  .   (no cloak)
rCorr    .         Harm     .   (no gloves)
MR       .....                  (no barding)
Stlth    ..........             (no amulet)
HPRegen  0.14/turn              (no ring)
MPRegen  0.08/turn              (no ring)

@: berserking, quick
A: large, see invisible, deformed body, poison resistance, slowness 2, slow
metabolism 1, spit poison 1, AC +0
a: Spit Poison, Berserk, Renounce Religion


You were on level 2 of the Dungeon.
You worshipped Trog.
Trog was aware of your devotion.
You were hungry.

You visited 1 branch of the dungeon, and saw 2 of its levels.

You collected 65 gold pieces.

Inventory:

Hand Weapons
 a - a +0 hand axe (weapon)
Armour
 b - a +0 animal skin (worn)
Comestibles
 c - 3 rations
 d - 7 chunks of flesh


   Skills:
 + Level 3.2 Fighting
 * Level 3.4 Axes
 + Level 1.8 Armour
 - Level 1.5 Dodging
 + Level 1.5 Stealth


You had one spell level left.
You didn't know any spells.
Your spell library was empty.

Dungeon Overview and Level Annotations

Branches:
Dungeon (2/15)

Altars:


Innate Abilities, Weirdness & Mutations

You cannot wear boots.
Your serpentine skin is tough. (AC +0)
You have supernaturally acute eyesight. (SInv)
Armour fits poorly on your strangely shaped body.
Your system is resistant to poisons. (rPois)
You cover ground very slowly.
You have a slow metabolism.
You can spit poison.


Message History

You aren't carrying any potions.
Unknown command.
A red film seems to cover your vision as you go berserk!
You feel yourself moving faster!
You feel mighty!
You are feeling hungry.
The orc warrior shouts!
The orc priest shouts!
An orc comes into view. It is wielding a flail.
The hobgoblin hits you but does no damage.
The orc shouts!
You slash the hobgoblin!
You kill the hobgoblin!
Trog accepts your kill.
You barely miss the frilled lizard. The frilled lizard closely misses you.
A hobgoblin comes into view.
An orc wizard comes into view. It is wielding a dagger.
The orc priest calls down the wrath of Beogh upon you.
Pain shoots through your body!
* * * LOW HITPOINT WARNING * * *
The frilled lizard bites you.
You die...

########.###.......#.
........###.........
#................#.#
#................#..
#...................
#.......###.........
#.......# #.........
#.......###.........
#..@l....รท..........
...g....................
....o.####..............
...oo. #.....#########
..o.. #####... .....
#.... o##. #$.... ..
......


You could see an orc warrior, an orc priest, an orc wizard (wandering), 2 orcs,
a hobgoblin and a frilled lizard.

Vanquished Creatures
  An ooze (D:1)
  2 leopard geckos (D:2)
  2 bats
  3 giant cockroaches
  2 goblins
  2 hobgoblins
  A ball python (D:1)
  2 rats
15 creatures vanquished.

Notes
Turn   | Place    | Note
-------+----------+-------------------------------------------
     0 | D:1      | iamserjio the Naga Berserker began the quest for the Orb.
     0 | D:1      | Reached XP level 1. HP: 21/21 MP: 1/1
    35 | D:1      | Reached skill level 1 in Stealth
    35 | D:1      | Reached XP level 2. HP: 20/28 MP: 2/2
   184 | D:2      | Noticed an orc warrior
   187 | D:2      | HP: 1/42 [orc priest/nerve-wracking pain (10)]
   187 | D:2      | Slain by a frilled lizard

Vault maps used:
D:1:      scummos_arrival_simple_crosswalls

Skill      XL: |  1 |
---------------+----+-----
Stealth        | 1 |  1.5
Fighting       | |  3.2
Axes           | |  3.4
Armour         | |  1.8
Dodging        | |  1.5

Action                   || total
-------------------------++-------
Melee: Hand axe          ||    42
Invok: Berserk           ||     3
 Stab: Sleeping          ||     2
Armor: Animal skin       ||     5
Dodge: Dodged            ||    33

Table legend:
 A = Spawn XP
 B = Non-spawn XP
 C = Spawn XP percentage of total XP
 D = Spawn monster count
 E = Non-spawn monster count
 F = Spawn count percentage of total count
 G = Total turns spent on level
                    A         B        C        D         E        F      G
               +---------+---------+-------+---------+---------+-------+---------
         Total |       0 |      33 |   0.0 |       0 |      15 |   0.0 |   187
               +---------+---------+-------+---------+---------+-------+---------
           D:1 |       0 |      19 |   0.0 |       0 |       8 |   0.0 |    81
           D:2 |       0 |      14 |   0.0 |       0 |       7 |   0.0 |   106
               +---------+---------+-------+---------+---------+-------+---------
